AoeStats
← Elaminio

QS Arena

503623423Analyzed
4v4 RM · 1mo ago on Sep 1, 2026· 41m 51s· 8 players
Game mode
Random Map
Map size
Large (8 player)
Population
200
Speed
Normal
Resources
Standard
Victory
Conquest
Starting age
Dark Age
Ending age
Imperial Age
RankedLock teamsTeams togetherTeam positionsShared explorationLock speedFull tech treeHidden civsTurbo modeCheats
Victory
Defeat
🇨🇦 Sicilians · Canada
1392
+8
🇸🇪 Romans · Sweden
1331
+10
1189
+16
🇩🇰 Vietnamese · Denmark
835
+28
🇰🇷 Britons · South Korea
1226
-18
🇨🇳 Bohemians · China
1218
-17
🇦🇷 Vikings · Argentina
1193
-16
🇳🇴 Mongols · Norway
1152
-14
Den sølv søløve
8:29 Feudal Age
9:20 Double-Bit Axe
11:22 Wheelbarrow
16:14 Castle Age
17:18 Bow Saw
19:59 Thumb Ring
19:56 Horse Collar
20:19 Padded Archer Armor
20:09 Fletching
21:54 Leather Archer Armor
21:35 Bodkin Arrow
22:38 Heated Shot
23:12 Ballistics
23:12 Hand Cart
24:48 Elite Skirmisher
29:05 Imperial Age
29:11 Elite Rattan Archer
31:21 Paper Money
31:45 Ring Archer Armor
31:16 Bracer
37:39 Siege Engineers
38:35 Chemistry
37:27 Heated Shot
37:22 Imperial Skirmisher
38:16 Caravan
Elaminio
7:58 Feudal Age
11:47 Castle Age
10:26 Double-Bit Axe
11:00 Man-at-Arms
12:22 Scale Mail Armor
17:00 Chain Mail Armor
17:17 Long Swordsman
25:09 Horse Collar
28:08 Wheelbarrow
30:45 Heavy Plow
31:58 Forging
35:24 Imperial Age
33:19 Hand Cart
33:45 Gold Mining
35:25 Iron Casting
35:37 Squires
35:42 Town Watch
35:42 Loom
36:05 Caravan
35:49 Legionary
37:46 Blast Furnace
37:42 Capped Ram
39:04 Bow Saw
40:15 Heavy Scorpion
42:55 Chemistry
42:15 Ballistics
El Monje Cleptómano de Cieza
8:33 Feudal Age
13:04 Castle Age
11:03 Double-Bit Axe
11:16 Loom
12:25 Horse Collar
14:17 Bow Saw
15:29 Heavy Plow
18:45 Heavy Plow
19:32 Wheelbarrow
19:34 Stone Mining
19:48 Gold Mining
19:55 Loom
20:50 Town Watch
22:44 Hand Cart
25:23 Stone Shaft Mining
24:51 Fletching
25:02 Padded Archer Armor
25:32 Bodkin Arrow
28:49 Imperial Age
25:58 Elite Skirmisher
27:44 Leather Archer Armor
27:38 Thumb Ring
28:20 Town Patrol
30:30 Chemistry
29:53 Conscription
30:09 Fortified Wall
30:13 Bracer
30:44 Ring Archer Armor
34:42 Imperial Skirmisher
35:47 Ballistics
36:11 Forging
36:02 Scale Mail Armor
36:06 Squires
35:26 Pikeman
39:37 Treadmill Crane
41:11 Elite Genoese Crossbowman
41:40 Arson
VIT | Hera
8:37 Feudal Age
9:35 Double-Bit Axe
9:50 Horse Collar
12:18 Castle Age
13:20 Bow Saw
13:12 Heavy Plow
17:55 Loom
18:25 Stone Mining
20:30 Wheelbarrow
21:29 Scale Mail Armor
22:33 First Crusade
22:19 Squires
23:28 Hand Cart
24:33 Chain Mail Armor
24:31 Forging
25:09 Fletching
27:04 Iron Casting
29:18 Imperial Age
27:19 Bodkin Arrow
27:45 Ballistics
28:14 Masonry
28:42 Iron Casting
29:03 Town Watch
29:28 Elite Serjeant
29:54 Capped Ram
31:20 Caravan
30:52 Capped Ram
32:11 Plate Mail Armor
32:42 Blast Furnace
31:51 Bracer
32:52 Chemistry
31:38 Arrowslits
31:49 Onager
32:35 Siege Ram
34:06 Crop Rotation
35:36 Hoardings
35:24 Conscription
36:38 Siege Onager
39:50 Arson
39:40 Pikeman
40:54 Halberdier
C-bag
8:29 Feudal Age
10:00 Double-Bit Axe
10:00 Horse Collar
12:55 Castle Age
14:06 Bow Saw
13:57 Heavy Plow
20:47 Wheelbarrow
21:21 Stone Mining
22:40 Stone Shaft Mining
22:42 Hand Cart
22:15 Loom
23:16 Gold Mining
23:51 Fletching
24:01 Padded Archer Armor
25:19 Ballistics
27:34 Imperial Age
26:42 Thumb Ring
27:45 Bodkin Arrow
28:05 Leather Archer Armor
28:03 Bloodlines
27:53 Husbandry
28:43 Bracer
29:42 Conscription
29:38 Scale Barding Armor
29:43 Forging
30:20 Conscription
31:22 Elite Mangudai
32:38 Hoardings
33:23 Onager
KIM JONG UN
8:02 Feudal Age
12:59 Castle Age
12:02 Double-Bit Axe
12:13 Horse Collar
12:40 Stone Mining
13:01 Fletching
14:56 Bow Saw
22:26 Wheelbarrow
23:10 Gold Mining
26:56 Imperial Age
24:54 Squires
24:44 Pikeman
27:21 Forging
27:11 Scale Mail Armor
27:07 Bodkin Arrow
26:59 Elite Skirmisher
35:46 Loom
condandonglao
8:36 Feudal Age
13:52 Castle Age
12:12 Double-Bit Axe
12:08 Horse Collar
20:32 Fletching
23:48 Crossbowman
28:07 Imperial Age
26:47 Bodkin Arrow
27:15 Ballistics
27:06 Bow Saw
26:57 Heavy Plow
27:48 Padded Archer Armor
28:19 Gold Mining
30:00 Chemistry
29:18 Leather Archer Armor
28:47 Arbalester
30:01 Bracer
32:28 Scale Mail Armor
32:59 Ring Archer Armor
38:37 Chain Mail Armor
tisuki
8:22 Feudal Age
12:04 Castle Age
10:00 Double-Bit Axe
10:46 Horse Collar
13:18 Bow Saw
14:35 Heavy Plow
18:14 Loom
19:36 Fletching
31:05 Wheelbarrow
37:20 Imperial Age
36:07 Hand Cart
35:38 Town Watch
38:42 Fervor
38:52 Sanctity
38:42 Bodkin Arrow
38:51 Padded Archer Armor
40:27 Chemistry
40:17 Ballistics
40:03 Siege Engineers
40:41 Leather Archer Armor
42:26 Ring Archer Armor
42:59 Two-Man Saw
Connection lost

Rejoining the realm…

Still unreachable

The connection could not be restored.

Session expired

The server has moved on; the page needs a fresh start.